Map: Ever Dream LE

Players

jstn

  • Race: Protoss Protoss
  • League: Silver
  • Spawn Location: 7:00

antagomiR - Winner!

  • Race: Protoss Protoss
  • League: Gold
  • Spawn Location: 1:00

VOD

Have the link to the VOD?

Description

Time

  • Played on: April 10, 2020, 9:18 p.m.
  • Length: 17:15
Show
View Real Time Build Order
Export as new Build Order

jstn Protoss 

Build Orders: Double Forge, Phoenix Opening 

Get SALT Encoding   

  12  0:01  Probe  
  13  0:13  Probe  
  14  0:22  Pylon  
  14  0:26  Probe  
  15  0:40  Probe  
  16  0:48  Gateway  
  16  0:53  Probe  
  17  1:05  Probe  
  17  1:08  Assimilator  
  18  1:12  Assimilator  
  18  1:17  Probe  
  19  1:29  Probe  
  20  1:40  Cybernetics Core  
  20  1:46  Gateway  
  20  2:01  Probe  
  21  2:08  Nexus  
  21  2:09  Warp Gate (Chrono Boost)  
  21  2:13  Probe  
  22  2:20  Pylon  
  22  2:25  Probe  
  23  2:30  Pylon  
  23  2:41  Probe  
  26  2:45  Sentry (Chrono Boost), Stalker (Chrono Boost)  
  28  2:55  Probe  
  29  3:07  Probe  
  30  3:16  Robotics Facility  
  29  3:20  Probe  
  29  3:21  Probe  
  31  3:32  Probe  
  31  3:33  Probe  
  33  3:37  Stalker x2  
  37  3:45  Probe  
  37  3:46  Probe  
  39  3:53  Phoenix  
  39  3:57  Probe  
  39  3:58  Probe  
  41  4:05  Assimilator  
  41  4:08  Assimilator  
  42  4:10  Probe x2  
  42  4:14  Stalker x2  
  47  4:17  Pylon  
  47  4:23  Probe  
  48  4:24  Probe  
  49  4:35  Probe  
  49  4:36  Probe  
  51  4:42  Forge x2  
  51  4:48  Probe x2  
  53  4:56  Shield Battery  
  53  5:00  Probe  
  53  5:03  Stalker x2  
  58  5:10  Gateway  
  58  5:12  Protoss Ground Weapons Level 1 (Chrono Boost), Gateway, Protoss Ground Armor Level 1 (Chrono Boost)  
  58  5:17  Pylon  
  58  5:20  Pylon  
  58  5:23  Immortal (Chrono Boost)  
  62  5:37  Robotics Bay  
  62  5:43  Stalker x2  
  66  5:53  Gateway  
  66  5:54  Gateway  
  66  6:03  Warp Prism  
  68  6:13  Sentry  
  68  6:14  Sentry  
  72  6:29  Nexus  
  72  6:46  Pylon  
  72  6:47  Pylon  
  72  6:48  Stalker x3  
  78  6:58  Pylon  
  78  7:02  Pylon  
  78  7:04  Probe x2  
  78  7:07  Gravitic Drive  
  80  7:09  Observer (Chrono Boost)  
  81  7:22  Robotics Facility  
  81  7:23  Disruptor (Chrono Boost)  
  81  7:26  Sentry x2  
  81  7:27  Stalker x4  
  96  7:36  Twilight Council  
  96  7:44  Probe x3  
  99  7:56  Probe x3  
  102  8:06  Assimilator  
  102  8:08  Probe x2  
  102  8:09  Assimilator  
  102  8:10  Stalker x3  
  110  8:13  Pylon  
  110  8:17  Pylon  
  110  8:30  Disruptor x2  
  116  8:45  Stalker x4  
  116  8:46  Stalker  
  126  8:52  Probe x3  
  129  8:58  Stalker  
  131  9:04  Probe x2  
  131  9:06  Observer  
  134  9:24  Protoss Ground Weapons Level 2  
  134  9:25  Charge (Chrono Boost), Protoss Ground Armor Level 2  
  134  9:39  Immortal  
  138  9:51  Pylon  
  138  9:52  Stalker  
  140  9:54  Observer  
  140  9:55  Pylon  
  140  9:58  Pylon  
  140  10:00  Pylon  
  140  10:09  Immortal  
  140  10:11  Dark Shrine  
  138  10:58  Probe x3  
  141  11:06  Pylon  
  141  11:10  Probe x2  
  141  11:11  Probe  
  144  11:22  Probe, Immortal  
  144  11:23  Immortal  
  141  12:18  Shield Battery  
  141  12:19  Shield Battery  
  141  12:20  Photon Cannon  
  141  12:21  Photon Cannon  
  141  12:23  Photon Cannon  
  141  12:29  Templar Archives  
  141  12:37  Pylon  
  141  12:42  Pylon  
  141  12:45  Nexus  
  141  12:53  Pylon  
  141  12:55  Pylon  
  141  12:58  Pylon  
  141  13:10  Stalker x2  
  141  13:11  Stalker x2  
  149  13:27  Gateway x2  
  149  13:29  Gateway  
  149  13:31  Gateway x2  
  149  13:35  Gateway  
  149  13:40  Pylon  
  149  13:41  Pylon  
  149  13:44  Pylon  
  149  13:46  Gateway  
  148  13:48  Gateway  
  148  13:49  Stalker x2  
  148  13:50  Gateway, Stalker x4  
  148  13:53  Pylon  
  160  13:56  Gateway  
  160  13:57  Gateway  
  73  14:26  Dark Templar x4  
  73  14:27  Dark Templar x6  
  79  14:32  Stalker  
  79  14:33  Stalker  
  83  14:45  Dark Templar x2  
  87  14:47  Dark Templar  
  86  15:06  Dark Templar x3  
  85  15:07  Dark Templar x5  
  85  15:08  Dark Templar x4  
  85  15:09  Dark Templar x2  
  107  15:20  Shadow Stride (Chrono Boost)  
  107  15:57  Assimilator  
  107  16:01  Assimilator, Zealot x6  
  107  16:02  Zealot x6  
  107  16:03  Zealot x3  
  137  16:05  Dark Templar  
  137  16:06  Dark Templar  
  141  16:28  Immortal  
  145  16:34  Warp Prism  
Show
View Real Time Build Order
Export as new Build Order

antagomiR Protoss - Winner!

Build Orders: Archon Immortal 

Get SALT Encoding   

  12  0:01  Probe  
  13  0:13  Probe  
  14  0:20  Pylon  
  14  0:25  Probe  
  15  0:39  Gateway  
  15  0:42  Probe  
  16  0:54  Probe  
  17  0:58  Assimilator  
  17  1:06  Probe  
  18  1:13  Assimilator  
  19  1:18  Probe  
  19  1:28  Cybernetics Core  
  19  1:43  Pylon  
  19  1:51  Probe  
  20  1:58  Warp Gate (Chrono Boost)  
  20  2:03  Probe  
  21  2:11  Stalker (Chrono Boost)  
  23  2:22  Robotics Facility  
  23  2:24  Probe  
  24  2:36  Probe  
  25  2:38  Nexus  
  25  2:41  Pylon  
  25  2:45  Sentry  
  27  2:53  Probe  
  28  3:03  Gateway  
  28  3:05  Probe  
  29  3:08  Shield Battery  
  29  3:17  Observer  
  30  3:30  Gateway  
  30  3:31  Twilight Council  
  30  3:39  Probe  
  31  3:51  Probe  
  32  3:56  Probe  
  33  4:03  Probe  
  33  4:05  Immortal  
  33  4:08  Probe  
  39  4:12  Sentry x2  
  39  4:15  Probe  
  44  4:22  Probe  
  45  4:25  Charge (Chrono Boost), Pylon  
  45  4:28  Probe  
  46  4:34  Probe  
  47  4:40  Probe  
  48  4:57  Probe x2  
  50  5:03  Pylon  
  50  5:04  Stalker  
  50  5:05  Pylon, Stalker  
  50  5:06  Zealot  
  56  5:09  Probe x2  
  58  5:25  Assimilator, Templar Archives  
  58  5:27  Probe x2  
  58  5:28  Assimilator  
  60  5:39  Probe x2  
  63  5:42  Observer  
  63  5:51  Probe x2  
  65  6:03  Probe, Stalker  
  68  6:06  Immortal  
  68  6:08  Probe  
  73  6:16  Probe  
  74  6:20  Probe  
  75  6:31  Nexus  
  75  6:32  Pylon  
  75  6:34  Gateway  
  75  6:35  Pylon  
  75  6:36  Pylon  
  75  6:42  Gateway x2  
  75  6:49  Gateway  
  75  6:53  Gateway  
  75  6:56  Gateway  
  75  6:57  Immortal, Shield Battery  
  75  6:58  Shield Battery  
  79  7:11  Probe  
  79  7:12  Probe  
  81  7:23  Probe  
  81  7:24  Probe  
  83  7:32  High Templar x2  
  83  7:33  High Templar x2  
  83  7:36  Probe x2, Archon  
  97  7:37  Archon, Immortal  
  97  7:47  Forge  
  97  7:48  Probe x2  
  97  7:50  Forge  
  99  7:54  Pylon  
  99  7:56  Pylon  
  99  7:57  Pylon  
  99  7:59  Pylon  
  99  8:00  Probe x2  
  99  8:03  Zealot x2  
  105  8:12  Probe x2  
  107  8:15  Probe  
  107  8:16  Immortal  
  112  8:21  Assimilator  
  112  8:24  Probe x2  
  112  8:25  Assimilator  
  114  8:27  Probe, Photon Cannon  
  114  8:33  Photon Cannon  
  115  8:38  Photon Cannon  
  115  8:40  Photon Cannon  
  116  8:41  Probe x2  
  116  8:42  Probe, Photon Cannon  
  116  8:48  High Templar x4  
  120  8:49  High Templar  
  120  8:52  Archon x2  
  120  8:53  Probe  
  129  9:04  Zealot x3  
  132  9:19  Pylon  
  132  9:28  Pylon  
  132  9:31  High Templar x3  
  132  9:32  High Templar  
  132  9:33  Zealot x4  
  148  9:40  Photon Cannon  
  148  9:48  Protoss Ground Weapons Level 1 (Chrono Boost)  
  148  9:49  Protoss Ground Armor Level 1 (Chrono Boost)  
  148  9:55  Gateway x2  
  148  9:56  Immortal  
  148  9:59  Gateway  
  152  10:03  Archon x2  
  152  10:10  Zealot x3  
  152  10:11  Zealot x4  
  165  11:04  Pylon  
  165  11:10  Pylon  
  165  11:11  Pylon  
  165  11:13  Pylon  
  165  11:14  Nexus  
  165  11:15  Pylon x2  
  165  11:17  Pylon  
  164  11:18  Stargate  
  164  11:20  Stargate  
  162  11:28  Stargate  
  160  11:34  Zealot x4  
  160  11:35  Zealot x3  
  174  11:59  Probe x2  
  174  12:00  Probe  
  174  12:01  Pylon  
  173  12:09  Pylon  
  173  12:11  Probe  
  173  12:12  Shield Battery  
  173  12:14  Zealot, Shield Battery  
  173  12:15  Zealot x2  
  178  12:16  Zealot x4  
  178  12:17  Pylon  
  188  12:37  High Templar x5  
  188  12:38  High Templar  
  188  12:41  Archon x3  
  193  13:13  Void Ray  
  197  13:30  Zealot  
  152  14:40  High Templar x5  
  152  14:41  High Templar x4  
  152  14:43  Zealot x2  
  164  14:56  Archon x2  
  164  14:57  Archon x2  
  100  15:16  Observer  
  101  15:37  Zealot  
  101  15:38  Zealot x5, Observer  
  101  15:39  Zealot  
  116  16:00  Photon Cannon x2  
  116  16:02  Photon Cannon, Void Ray x3  
  128  16:05  Photon Cannon  
  128  16:07  Assimilator  
  128  16:08  Assimilator  
  112  16:18  Sentry x3  
  108  16:19  Zealot x3  
  108  16:20  Zealot x4  
  108  16:21  Zealot  
  124  16:43  Stalker x2  
  124  16:44  Stalker  
  124  16:45  Zealot x2  
  108  17:08  Zealot  
  108  17:09  Zealot x3  
  108  17:10  Zealot x5  
  108  17:11  Zealot  
Tags
 
Add a new tag
Caveats
  • Supply blocks, unpowered buildings, or Contaminate may cause inaccurate times.
  • Supply counts are checked every 10 seconds.